 Dungeon Crawl Stone Soup version 0.28-a0-8-g6e044cfa68 (webtiles) character file.

Game seed: 2759332671482629221

105 DocSulfur the Magician (level 5, -1/38 HPs)
             Began as a Djinni Hedge Wizard on July 24, 2021.
             Killed by nerve-wracking pain
             ... invoked by Grinder
              (9 damage)
             ... on level 3 of the Dungeon.
             The game lasted 00:09:18 (3885 turns).

DocSulfur the Magician (Djinni Hedge Wizard)        Turns: 3885, Time: 00:09:19

Health: -1/38      AC:  3    Str:  9    XL:     5   Next: 9%
Gold:   121        EV: 12    Int: 17    God:
                   SH:  0    Dex: 12

rFire   + + .      SeeInvis .   a - +0 dagger
rCold   x . .      Faith    .   (no shield)
rNeg    . . .      Spirit   .   b - +0 robe
rPois   ∞          Reflect  .   c - +0 hat
rElec   .          Harm     .   i - +0 cloak
rCorr   .          Rampage  .   (no gloves)
Will    .....                   (boots unavailable)
Stlth   ++........              (no amulet)
HPRegen 0.12/turn               d - ring of wizardry
MPRegen 0.00/turn               (no ring)

@: flying
A: sickness immunity, fire resistance 2, cold vulnerability 1, float, innate
caster, hp casting, extra vitality 1
a: no special abilities


You were on level 3 of the Dungeon.
You visited 1 branch of the dungeon, and saw 4 of its levels.

You collected 121 gold pieces.

Inventory:

Hand Weapons
 a - a +0 dagger (weapon)
Missiles
 e - 9 poisoned darts
Armour
 b - a +0 robe (worn)
 c - a +0 hat (worn)
 i - a +0 cloak (worn)
Jewellery
 d - a ring of wizardry (left hand)
 n - an amulet of faith
Scrolls
 h - a scroll of blinking
 j - a scroll of enchant armour
 k - a scroll of vulnerability {unknown}
 l - a scroll of teleportation {unknown}
Potions
 f - 2 potions of heal wounds {unknown}
 g - 2 potions of curing {unknown}
 m - a potion of degeneration {unknown}


   Skills:
 + Level 1.8 Fighting
 + Level 3.2 Dodging
 - Level 1.5 Stealth
 * Level 3.4 Spellcasting


You couldn't memorise any spells.
You knew the following spells:

 Your Spells              Type           Power      Damage    Failure   Level
a - Magic Dart            Conj           56%        1d5       1%          1
b - Blink                 Tloc           N/A        N/A       2%          2
c - Call Imp              Summ           14%        N/A       2%          2
d - Slow                  Hex            14%        N/A       2%          2
e - Conjure Flame         Conj/Fire      14%        6-21      4%          3
f - Mephitic Cloud        Conj/Pois/Air  14%        N/A       4%          3
g - Pain                  Necr           56%        1d6       1%          1
h - Poisonous Vapours     Pois/Air       28%        N/A       2%          2
Your spell library was empty.

Dungeon Overview and Level Annotations

Branches:
Dungeon (4/15)
 Temple: D:4-7

Altars:
Kikubaaqudgha
Vehumet
Yredelemnul

Annotations:
D:3 Grinder, Natasha


Innate Abilities, Weirdness & Mutations

You are immune to sickness and miasma.
You are immune to poison.
Your flesh is very heat resistant. (rF++)
You are vulnerable to cold. (rC-)
You float through the air rather than walking.
You learn spells naturally, not from books.
Your magical power is your life essence.
You have superior vitality. (+4 HP)


Message History

Grinder gestures at you. Pain shoots through your body!
* * * LOW HITPOINT WARNING * * *
Your white imp hits Grinder.
Your white imp freezes Grinder.
Grinder resists.
Your shadow imp hits Grinder.
You can move again.
Casting: Magic Dart (safe; 1% risk of failure)
Confirm with . or Enter, or press ? or * to list all spells.
Aiming: Magic Dart (safe; 1% risk of failure)
Press: ? - help, Shift-Dir - straight line, f/p - Grinder
Aim: Grinder (grey smoke, severely wounded, ally target, 100% to hit)
The magic dart hits Grinder but does no damage.
Grinder is severely wounded.
* * * LOW HITPOINT WARNING * * *
Grinder gestures at you. You resist with significant effort.
Your shadow imp hits Grinder.
Your white imp barely misses Grinder.
Grinder blinks!
Your white imp completely misses Grinder.
Your white imp gestures at Grinder.
The puff of frost hits Grinder.
Grinder resists.
Grinder gestures at your white imp.
Your white imp suddenly stops moving!
Grinder gestures at your white imp.
Your shadow imp hits Grinder.
Grinder hits your shadow imp.
Your shadow imp hits Grinder but does no damage.
Casting: Magic Dart (safe; 1% risk of failure)
Confirm with . or Enter, or press ? or * to list all spells.
Aiming: Magic Dart (safe; 1% risk of failure)
Press: ? - help, Shift-Dir - straight line, f/p - Grinder
Aim: Grinder (severely wounded, ally target, 100% to hit)
The magic dart hits Grinder.
Grinder is almost dead.
* * * LOW HITPOINT WARNING * * *
Grinder blinks!
Your shadow imp disappears in a puff of smoke!
Grinder gestures at you. Pain shoots through your body!
You die...

#.....#.# #... . ##...#..##
#... #.###......## #.####...
#.......<.# .........
##.......(.## #.#####..
.......5....# #.# #..
###.........# #.# ##.
##.....#.5###########.### #.
##.........@..>........####.
#..####.##########.........
#..####.# #.......#......
#.......#####.#############
##............#
##############


You could see Grinder (ally target) and a friendly white imp (summoned,
paralysed).

Vanquished Creatures
  An iguana (D:4)
  3 adders
  An orc (D:3)
  4 endoplasms
  5 hobgoblins
  5 jackals (D:2)
  A quokka (D:1)
  6 ball pythons
  5 bats
  6 frilled lizards
  4 goblins (D:1)
  5 kobolds
  4 rats
50 creatures vanquished.

Notes
Turn   | Place    | Note
-------+----------+-------------------------------------------
     0 | D:1      | DocSulfur the Djinni Hedge Wizard began the quest for the
                  | Orb.
     0 | D:1      | Reached XP level 1. HP: 15/15 MP: 0/0
   579 | D:1      | Reached XP level 2. HP: 19/22 MP: 0/0
  1292 | D:1      | Reached XP level 3. HP: 25/26 MP: 0/0
  1292 | D:1      | Learned a level 1 spell: Pain
  1406 | D:1      | Reached skill level 1 in Fighting
  2107 | D:2      | Reached XP level 4. HP: 29/32 MP: 0/0
  2786 | D:3      | Noticed Grinder
  2831 | D:4      | Found a basalt altar of Yredelemnul.
  3101 | D:4      | Noticed a lemure
  3184 | D:4      | Reached XP level 5. HP: 7/38 MP: 0/0
  3184 | D:4      | Learned a level 2 spell: Poisonous Vapours
  3566 | D:4      | Noticed a lemure
  3567 | D:4      | Noticed a lemure
  3635 | D:3      | Noticed Natasha
  3870 | D:3      | Paralysed by Grinder for 3 turns
  3885 | D:3      | Killed from afar by Grinder

Illustrated notes

Levels and vault maps discovered:
D:1:      minmay_arrival_cross, layout_loops_corners, minmay_quantized
D:2:      layout_basic
D:3:      layout_loops_ring, uniq_grinder, uniq_natasha
D:4:      layout_basic, riverfiend_overflow_shadow_ancestor,
          chequers_temple_overflow_statue_of_worship,
          fedhas_altar_decomposition, temple_green, uniq_pikel

Skill      XL: |  1  2  3  4 |
---------------+-------------+-----
Fighting       | 1 |  1.8
Spellcasting   | 3 |  3.4
Dodging        | 3 |  3.2
Stealth        | |  1.5

Action                   |  1- 3 |  4- 6 || total
-------------------------+-------+-------++-------
Melee: Dagger            |       |     5 ||     5
 Cast: Magic Dart        |    74 |    68 ||   142
       Slow              |       |     5 ||     5
       Call Imp          |       |     7 ||     7
       Mephitic Cloud    |       |     2 ||     2
       Conjure Flame     |       |     1 ||     1
       Blink             |       |     3 ||     3
  Use: Scroll            |     3 |       ||     3
Armor: Robe              |     3 |     4 ||     7
Dodge: Dodged            |     5 |    18 ||    23

Table legend: (Time is in decaauts)
 A = Elapsed time spent in this place.
 B = Non-inter-level travel time spent in this place.
 C = Inter-level travel time spent in this place.
 D = Time resting spent in this place.
 E = Time spent auto-exploring this place.
 F = Levels seen in this place.
 G = Mean time per level.
                   A        B        C        D        E       F      G
               +--------+--------+--------+--------+--------+-----+--------+
         Total |   3885 |   3805 |     80 |    857 |   1972 |   4 |  971.2 |
       Dungeon |   3885 |   3805 |     80 |    857 |   1972 |   4 |  971.2 |
               +--------+--------+--------+--------+--------+-----+--------+

Top non-repeatable levels by time:
     D:1: 1685 daAuts
     D:2: 919 daAuts
     D:4: 756 daAuts
     D:3: 523 daAuts
